 Dungeon Crawl Stone Soup version 0.29.1-1-gd02db6906a (webtiles) character file.

Game seed: 16942097742997886715

83 Doomgape the Digger (level 4, -7/24 HPs)
             Began as a Gargoyle Earth Elementalist on Sept 20, 2022.
             Mangled by a gnoll
             ... wielding a +0 halberd
              (12 damage)
             ... on level 2 of the Dungeon.
             The game lasted 00:07:49 (1959 turns).

Doomgape the Digger (Gargoyle Earth Elementalist)   Turns: 1959, Time: 00:07:50

Health: -7/24      AC:  5    Str: 11    XL:     4   Next: 44%
Magic:  1/7        EV: 12    Int: 18    God:
Gold:   47         SH:  0    Dex: 10    Spells: 1/7 levels left

rFire   . . .      SeeInvis .   (no weapon)
rCold   . . .      Faith    .   (no shield)
rNeg    + . .      Spirit   .   a - +0 robe
rPois   ∞          Reflect  .   (no helmet)
rElec   +          Harm     .   (no cloak)
rCorr   .          Rampage  .   (no gloves)
Will    .....                   (no boots)
Stlth   ++........              (no amulet)
HPRegen 0.08/turn               (no ring)
MPRegen 0.10/turn               (no ring)

@: no status effects
A: sickness immunity, AC +3, negative energy resistance 1, electricity
resistance, torment resistance 1, petrification resistance
a: no special abilities


You were on level 2 of the Dungeon.
You visited 1 branch of the dungeon, and saw 2 of its levels.

You collected 47 gold pieces.

Inventory:

Armour
 a - a +0 robe (worn)
Potions
 b - a potion of magic
 c - 2 potions of heal wounds {unknown}
 e - a potion of attraction {unknown}


   Skills:
 - Level 1.7 Dodging
 - Level 2.4 Stealth
 - Level 2.1 Spellcasting
 + Level 1.3 Conjurations
 - Level 1.4 Transmutations
 + Level 5.2 Earth Magic


You had one spell level left.
You knew the following spells:

 Your Spells              Type           Power      Damage    Failure   Level
a - Sandblast             Erth           40%        2d10      1%          1
b - Passwall              Tmut/Erth      10%        N/A       7%          2
c - Stone Arrow           Conj/Erth      26%        3d8       14%         3

Your spell library contained the following spells:

 Spells                   Type           Power      Damage    Failure   Level
 Petrify                  Tmut/Erth      13%        N/A       41%         4


Dungeon Overview and Level Annotations

Branches:
Dungeon (2/15)

Altars:

Shops:
D:1 [


Innate Abilities, Weirdness & Mutations

You are immune to sickness and miasma.
Your stone body is resilient. (AC +3)
You are immune to poison.
You resist negative energy. (rN+)
You are resistant to electric shocks. (rElec)
You are resistant to unholy torment.
You are immune to petrification.


Message History

Aim: a gnoll, wielding a +0 halberd and wearing a +0 ring mail (lightly wounded, 87% to hit)
The blast of sand misses the gnoll.
The gnoll hits you from afar with a +0 halberd!
The gnoll misses you.
Casting: Sandblast (safe; 1% risk of failure)
Confirm with . or Enter, or press ? or * to list all spells.
Aiming: Sandblast (safe; 1% risk of failure)
Press: ? - help, Shift-Dir - straight line, f/p - gnoll
Aim: a gnoll, wielding a +0 halberd and wearing a +0 ring mail (lightly wounded, 87% to hit)
The blast of sand hits the gnoll.
The gnoll is moderately wounded.
The gnoll misses you.
Casting: Sandblast (safe; 1% risk of failure)
Confirm with . or Enter, or press ? or * to list all spells.
Aiming: Sandblast (safe; 1% risk of failure)
Press: ? - help, Shift-Dir - straight line, f/p - gnoll
Aim: a gnoll, wielding a +0 halberd and wearing a +0 ring mail (moderately wounded, 87% to hit)
The blast of sand hits the gnoll.
The gnoll is moderately wounded.
The gnoll barely misses you.
The gnoll hits you from afar with a +0 halberd.
Casting: Sandblast (safe; 1% risk of failure)
Confirm with . or Enter, or press ? or * to list all spells.
Aiming: Sandblast (safe; 1% risk of failure)
Press: ? - help, Shift-Dir - straight line, f/p - gnoll
Aim: a gnoll, wielding a +0 halberd and wearing a +0 ring mail (moderately wounded, 87% to hit)
The blast of sand hits the gnoll.
The gnoll is severely wounded.
The gnoll hits you from afar with a +0 halberd.
* * * LOW HITPOINT WARNING * * *
Casting: Sandblast (safe; 1% risk of failure)
Confirm with . or Enter, or press ? or * to list all spells.
Aiming: Sandblast (safe; 1% risk of failure)
Press: ? - help, Shift-Dir - straight line, f/p - gnoll
Aim: a gnoll, wielding a +0 halberd and wearing a +0 ring mail (severely wounded, 87% to hit)
The blast of sand hits the gnoll.
The gnoll is almost dead.
The gnoll hits you from afar with a +0 halberd!
Ouch! That really hurt!
You die...

##.###....#.########
####...#....###.......#
#....<.g.....#.######.##
#.##...###....## ##.#.##
# ##.##
##....####.###.## #.#
#......#.## ##.# #.#
#.....#g##.###.## ..##
#.#..##.###.#.##
####.......#@# #).##
.#####.#.#.#.#.# #.##
..##.......#.#.###.#
..##.#.#.#.#....##.#
##...........#.###.#.#
#....#.#.#.#...# #...#
#..............###.###
#..#..)....#.#....##
............)#.#.##


You could see a gnoll.

Vanquished Creatures
  An adder (D:2)
  4 gnolls (D:2)
  4 ball pythons
  2 bats (D:1)
  An endoplasm (D:1)
  A giant cockroach (D:1)
  4 goblins
  3 hobgoblins
  3 quokkas
  A frilled lizard (D:1)
  7 kobolds
  3 rats (D:1)
34 creatures vanquished.

Notes
Turn   | Place    | Note
-------+----------+-------------------------------------------
     0 | D:1      | Doomgape the Gargoyle Earth Elementalist began the quest
                  | for the Orb.
     0 | D:1      | Reached XP level 1. HP: 10/10 MP: 3/3
   225 | D:1      | Reached skill level 1 in Transmutations
   225 | D:1      | Reached XP level 2. HP: 15/15 MP: 0/5
   411 | D:1      | Found Tomaeff's Armour Emporium.
   507 | D:1      | Reached skill level 4 in Earth Magic
   671 | D:1      | Found a faded altar of an unknown god.
   997 | D:1      | Reached XP level 3. HP: 19/19 MP: 4/6
  1586 | D:2      | Learned a level 2 spell: Passwall
  1590 | D:2      | Learned a level 3 spell: Stone Arrow
  1672 | D:2      | Reached skill level 5 in Earth Magic
  1672 | D:2      | Reached XP level 4. HP: 24/24 MP: 4/7
  1792 | D:2      | Reached skill level 1 in Conjurations
  1959 | D:2      | Mangled by a gnoll

Illustrated notes

Levels and vault maps discovered:
D:1:      giann_wishing_wells, layout_basic, serial_shops, shop,
          hellmonk_ecumenical_altar_heavens_door
D:2:      layout_loops_ring, minmay_strange_pillars, hangedman_decor_riveting

Skill      XL: |  1  2  3  4 |
---------------+-------------+-----
Transmutations | 1 |  1.4
Earth Magic    | 4 5 |  5.2
Conjurations   | 1 |  1.3
Dodging        | |  1.7
Stealth        | |  2.4
Spellcasting   | |  2.1

Action                   |  1- 3 |  4- 6 || total
-------------------------+-------+-------++-------
Melee: Unarmed           |     1 |       ||     1
 Cast: Sandblast         |    51 |    17 ||    68
  Use: Scroll            |       |     1 ||     1
Armor: Robe              |     6 |       ||     6
Dodge: Dodged            |    16 |     9 ||    25
